← All builds
Tech / Armada / Economy first / OBSERVED BUILD

Standard tech

Armada Tech (Eco) build order · Supreme Isthmus

Rushes T2 by 4:15, gets Advanced Metal Extractor around 5:28, hands off T2 constructors to Geo and the team, then scales eco and supplies the team's T2 needs through the rest of the game.

Usually first T2 con to Geo (83%)

#eco #t2 #team support · 1574 distinct matches · 255 players · 58% of Armada Tech games · team won 53% of 1868 · Recently observed

HOW TO PLAY IT

Key timing: T2 factory by 4:15

  1. Open 3 mex and heavy wind to fund a fast T2 rush.
  2. Put down Bot Lab, planning to eat it for reclaim soon after.
  3. Get Advanced Bot Lab up, hitting the T2 factory rush timing.
  4. Upgrade mex to Advanced Metal Extractor to lock in team metal income.
  5. Eat Advanced Bot Lab and keep sending cons to Geo and Pond.

Phase by phase

TYPICAL OF ITS 1574 GAMES
  1. 1
  2. 2
  3. 3
  4. 4
PLAY THE OPENING

Follow the example game's first 6:00 step by step: what to build now, what comes next, and where it goes. At 1× it keeps pace with your own game.

  1. 1

    Up to the Bot Lab

    Economy
    • Metal Extractor3Mex
    • Wind Turbine4Wind
    Order
    1. Bot LabBot Lab after 3 mex, 4 winddone ~1:18, middle half 1:13–1:32

    Some games also: energy storage (31%)

    By 1:01 in all: 3 mex · 4 wind

    The example game in this phase · 3 steps
    1. Mex ×3
    2. Wind ×4
    3. Bot LabBot Labdone 1:16 · typical 1:18
  2. 2

    Bot Lab to Advanced Bot Lab

    Economy
    • Metal Extractor1Mex
    • Wind Turbine8Wind
    • Energy Storage1Energy storage
    Order
    1. Advanced Bot LabAdvanced Bot Lab after 4 mex, 12 wind, 3 con turretdone ~4:16, middle half 4:04–4:30
    Builders
    • Construction Turret3 Con turret
    • Lazarus3 Lazarus
    • Construction Bot2 Con bot
    • Construction Bot1 Con bot for allies

    Some games also: converter (36%)

    By 3:18 in all: 4 mex · 12 wind · 1 energy storage · 3 con turret

    The example game in this phase · 26 steps
    1. Construction BotCon bot
    2. Wind ×2
    3. Solar
    4. LazarusLazarus
    5. Wind
    6. LazarusLazarus
    7. Wind
    8. Construction BotCon bot
    9. Mex
    10. Construction BotCon bot
    11. Con turret
    12. Wind
    13. Energy storage
    14. Con turret
    15. Wind ×12
    16. Converter
    17. Wind
    18. Converter
    19. Wind
    20. Converter ×3
    21. Wind
    22. Converter
    23. Wind ×2
    24. Con turret
    25. Wind
    26. Advanced Bot LabAdvanced Bot Labdone 5:41 · typical 4:16
  3. 3

    Advanced Bot Lab to 5:00

    Economy
    • Wind Turbine3Wind
    Order
    1. Bot LabEat Bot Lab
    Builders
    • Advanced Construction Bot1 T2 con bot for allies

    Some games also: converter (35%)

    By 5:00 in all: 4 mex · 15 wind · 1 converter · 1 energy storage · 3 con turret

    The example game in this phase · 3 steps
    1. Wind
    2. Bot LabEat Bot Labreclaimed for its metal
    3. Wind
  4. 4

    5:00 to 10:00

    Economy
    • Wind Turbine43Wind
    • Energy Converter6Converter
    Builders
    • Butler9 Butler
    • Advanced Construction Bot4 T2 con bot for allies
    • Advanced Construction Bot1 T2 con bot

    Some games also: con turret (43%) · Butler for allies (37%)

    By 10:00 in all: 4 mex · 58 wind · 8 converter · 1 energy storage · 3 con turret

    The example game in this phase · 124 steps
    1. Wind ×4
    2. Advanced Construction BotT2 con bot
    3. Wind ×2
    4. Advanced Metal ExtractorT2 mexdone 6:23 · typical 5:29
    5. Wind ×3
    6. Advanced Metal ExtractorT2 mex
    7. Wind ×4
    8. Advanced Metal ExtractorT2 mex
    9. ButlerButler
    10. Converter
    11. ButlerButler
    12. Advanced Metal ExtractorT2 mex
    13. Converter
    14. GunslingerGunslingerdone 8:03
    15. Converter ×2
    16. ButlerButler
    17. Converter
    18. ButlerButler
    19. Wind
    20. Converter
    21. ButlerButler
    22. Wind
    23. ButlerButler
    24. Wind
    25. ButlerButler
    26. Con turret
    27. Wind ×3
    28. Advanced Construction BotT2 con bot
    29. Wind ×6
    30. Metal storage
    31. Wind ×3
    32. Con turret
    33. ButlerButler
    34. Wind ×4
    35. ButlerButler
    36. Wind ×9
    37. Converter
    38. Wind ×5
    39. Converter
    40. Advanced Bot LabEat Advanced Bot Labreclaimed for its metal
    41. Con turret
    42. Converter
    43. Wind ×3
    44. Converter
    45. Wind ×2
    46. Converter
    47. Wind
    48. Converter
    49. Wind
    50. Fusion ReactorFusiondone 10:42
    51. Converter
    52. Wind ×3
    53. Converter
    54. Wind ×6
    55. Converter ×2
    56. Wind ×3
    57. Converter
    58. Wind
    59. Converter
    60. Wind ×5
    61. Converter
    62. Wind ×3
    63. Con turret
    64. Wind
    65. Converter ×2
    66. Wind ×2
    67. Converter ×2
    68. Wind
    69. Con turret
    70. CitadelAnti-nukedone 11:44
    71. Wind ×2
    72. Converter
    73. Wind ×3
    74. Converter
    75. Con turret
    76. Converter
    77. Wind ×3
    78. Con turret
    79. Converter
    80. Wind
    81. Converter
    82. Wind ×2
    83. Con turret
    84. Wind
    85. Converter
    86. Wind ×2
    87. Converter
    88. Wind
    89. Converter
    90. Wind ×3
    91. Converter
    92. Wind ×2
    93. Converter ×2
    94. Wind ×2
    95. Converter ×2
    96. Wind ×3
    97. TracerTracer
    98. Converter
    99. Wind ×2
    100. Converter
    101. Wind
    102. Advanced Bot LabAdvanced Bot Labdone 12:22
    103. Converter
    104. Wind ×3
    105. Converter
    106. T2 converter
    107. Wind
    108. Converter
    109. Wind ×3
    110. Converter
    111. Wind ×2
    112. Converter
    113. Wind ×2
    114. RecluseReclusenot finished by 15:00
    115. Wind ×2
    116. PlatypusPlatypus
    117. Converter
    118. Wind
    119. Converter ×2
    120. Wind ×2
    121. PlatypusPlatypus
    122. Wind ×2
    123. Converter
    124. Wind

Counts are medians over the build's games: half of them build more, half fewer. The example game is mobius1's (32 OS, 27/08/2026); pick another.

Team trades

IN AT LEAST 30% OF ITS GAMES

You hand over

  • Construction Bot1 Con bot to Airfirst at 2:24 · in 84% of games
  • Advanced Construction Bot5 T2 con bot to Air or Geo sea or Pondfirst at 4:50 · in 99% of games
  • Butler2 Butler to Geo sea or Beach sea or Pondfirst at 9:07 · in 42% of games

You get

  • Hercules1 Light transport from Airfirst at 4:01 · in 86% of games

How it plays out

Typical game of this build, running totals by minute

Metal produced

020k40k
0:005:0010:0015:00

metal

Enemy metal destroyed

050100
0:005:0010:0015:00

metal

Own metal lost

050100150
0:005:0010:0015:00

metal

1868 games.

Show as table
ByMetal produced: This buildEnemy metal destroyed: This buildOwn metal lost: This build
1:0038300
2:0091500
3:00165100
4:00314300
5:00484800
6:00580000
7:00722700
8:00906100
9:001116900
10:001350200
11:001623900
12:001965200
13:002344100
14:0027357074
15:003153885130
WHAT THE NUMBERS SAY

Standard Tech play barely fights at all early, instead pouring metal into T2 infrastructure and constructors for the team.

  • + Metal produced hits 31679 by 15:00, by far the highest of any role here.
  • + T2 factory reached in 97% of games by 4:15, fastest and most reliable T2 timing.
  • − Enemy metal destroyed stays at 0 through 10:00, no early offense at all.
  • − Own metal lost also near 0, showing total avoidance of combat risk.
THE EXAMPLE YOU ARE READING

mobius1

31.7 OS · 27/08/2026

Open source match ↗

0 received units
17 metal received · 6130 energy received

Allied construction assistance is unknown. Timings are observations, not a promise of solo reproducibility.

Typical milestones

Bot Lab1:18Middle 50%: 1:13–1:32 · n=1868
Advanced Bot Lab4:16Middle 50%: 4:04–4:30 · n=1861
Advanced Metal Extractor5:29Middle 50%: 5:06–5:59 · n=1864

Played most by

Amrissa93games of this buildTheGeneraI66games of this buildAdeus57games of this buildEl_Turco56games of this buildKOT_43games of this build